 Dungeon Crawl Stone Soup version 0.30.0-11-gf55b779eaf (webtiles) character file.

Game seed: 487389782806375521

624 Esekla the Grave Robber (level 7, -2/45 HPs)
             Began as an Octopode Necromancer on May 17, 2023.
             Slain by a phantom (5 damage)
             ... on level 4 of the Dungeon.
             The game lasted 00:15:18 (3477 turns).

Esekla the Grave Robber (Octopode Necromancer)      Turns: 3477, Time: 00:15:19

Health: -2/45      AC:  1    Str:  6 (7)  XL:     7   Next: 47%
Magic:  21/21      EV: 13    Int: 18 (20) God:
Gold:   91         SH:  5    Dex: 11 (12) Spells: 5/12 levels left

rFire   + . .        a - +0 falchion
rCold   . . .        (no shield)
rNeg    . . .        (helmet restricted)
rPois   .            k - amulet of reflection
rElec   .            c - ring of magical power
rCorr   .            (no ring)
SInv    .            (no ring)
Will    .....        (no ring)
Stlth   ++++         (no ring)
HPRegen 0.27/turn    (no ring)
MPRegen 0.17/turn    (no ring)
                     (no ring)

%: reflection
@: no status effects
A: almost no armour, amphibious, 8 rings, camouflage 1, gelatinous body 1,
(nimble swimmer 1), tentacles, fire resistance 1, MP-powered wands
a: no special abilities


You were on level 4 of the Dungeon.
You visited 1 branch of the dungeon, and saw 4 of its levels.

You collected 91 gold pieces.

Inventory:

Hand Weapons
 a - a +0 falchion (weapon)
 r - a +0 trident
 s - a +0 dagger
Missiles
 g - 10 poisoned darts (quivered)
Jewellery
 c - a ring of magical power (left tentacle)
 k - an amulet of reflection (around mantle)
 u - a ring of flight
Scrolls
 b - 2 scrolls of fog {unknown}
 d - 2 scrolls of poison {unknown}
 h - a scroll of fear {unknown}
 i - a scroll of enchant armour {unknown}
 j - a scroll of magic mapping {unknown}
 l - 2 scrolls of teleportation
 m - 3 scrolls of identify {unknown}
 t - 2 scrolls of amnesia {unknown}
 v - a scroll of noise {unknown}
 w - a scroll of vulnerability {unknown}
Potions
 e - a potion of mutation
 o - 2 potions of magic


   Skills:
 * Level 2.7 Fighting
 + Level 0.2(1.6) Short Blades
 * Level 2.7 Long Blades
 + Level 0.8 Polearms
 * Level 3.4 Dodging
 + Level 5.0 Stealth
 + Level 0.6 Shields
 * Level 3.4 Spellcasting
 * Level 5.3 Necromancy


You had 5 spell levels left.
You knew the following spells:

 Your Spells              Type           Power      Damage    Failure   Level
a - Necrotise             Necr           88%        1d8       1%          1
c - Mephitic Cloud        Conj/Pois/Air  3%         N/A       43%         3
d - Vampiric Draining     Necr           22%        2d7       5%          3

Your spell library contained the following spells:

 Spells                   Type           Power      Damage    Failure   Level
 Magic Dart               Conj           12%        1d3       16%         1
 Shock                    Conj/Air       12%        1d3       16%         1
 Animate Dead             Necr           22%        N/A       17%         4
 Call Imp                 Summ           6%         N/A       24%         2
 Swiftness                Air            3%         N/A       43%         3
 Agony                    Necr           22%        N/A       43%         5
 Airstrike                Air            1%         2d(1-17)  83%         4


Dungeon Overview and Level Annotations

Branches:
Dungeon (4/15)
 Temple: D:4-7

Altars:
Dithmenos
Kikubaaqudgha
Ru


Innate Abilities, Weirdness & Mutations

You cannot wear most types of armour.
You are amphibious.
You can wear up to eight rings at the same time.
Your skin changes colour to match your surroundings (Stealth+).
Your rubbery body absorbs attacks. (AC +1, EV +1)
((You are camouflaged when in or above water. (Stealth+)))
You have tentacles for arms and can constrict up to eight enemies at once.
Your flesh is heat resistant. (rF+)
You expend magic power (3 MP) to strengthen your wands.


Message History

You block the phantom's attack.
You barely miss the phantom. You squeeze the phantom.
The phantom is severely damaged.
The phantom barely misses you.
You miss the phantom.
The phantom is severely damaged.
The phantom hits you but does no damage.
You hit the phantom but do no damage.
The phantom is severely damaged.
The phantom closely misses you.
You barely miss the phantom.
The phantom is severely damaged.
The phantom hits you.
* * * LOW HITPOINT WARNING * * *
The phantom hits you.
* * * LOW HITPOINT WARNING * * *
The phantom blinks!
You blink.
You barely miss the phantom.
The phantom is severely damaged.
The phantom hits you.
* * * LOW HITPOINT WARNING * * *
The phantom blinks!
You blink.
You hit the phantom.
The phantom is almost destroyed.
The phantom hits you.
* * * LOW HITPOINT WARNING * * *
The phantom blinks!
You blink.
You miss the phantom.
Your tentacle-slap misses the phantom.
The phantom is almost destroyed.
The phantom hits you.
* * * LOW HITPOINT WARNING * * *
The phantom blinks!
You blink.
You barely miss the phantom. Your squeeze misses the phantom.
The phantom is almost destroyed.
The phantom hits you.
* * * LOW HITPOINT WARNING * * *
You miss the phantom.
The phantom is almost destroyed.
The phantom hits you.
You die...

....##..........#.# ######.#.#..#
....#..#.########.###..()..#.#..#
......##.# ##..........#####.#...
.....###.###...........# #.>...
.....# #.............).#######...
.....########.........[..........
.....'...........................
)....###############§.#......#...
#######....##...@).........#.#...
#.##.#....W............#...
#####.#.#.#......######.......
####...###...'......'...........#
##.......#####<.....###########.#
#.........##.......#..........#.#
....≈≈≈....#######.#.########.#.#
...≈≈≈≈≈...#### #.#.#........#.#
..≈≈...≈≈.....####.#.#.##########


You could see a phantom.

Vanquished Creatures
  Sigmund (D:4)
  Blork the orc (D:4)
  A scorpion (D:4)
  A hound (D:4)
  2 jellies
  Jessica (D:2)
  An orc wizard (D:4)
  Terence (D:2)
  A mummy (D:4)
  7 adders
  2 worms
  3 dart slugs
  13 orcs
  10 endoplasms
  2 giant cockroaches
  3 goblins
  8 hobgoblins
  4 jackals (D:1)
  2 kobolds (D:3)
  A quokka (D:2)
  5 ball pythons
  3 bats
  3 frilled lizards
  A goblin zombie (D:4)
  A kobold zombie (D:4)
  4 rats
82 creatures vanquished.

Notes
Turn   | Place    | Note
-------+----------+-------------------------------------------
     0 | D:1      | Esekla the Octopode Necromancer began the quest for the
                  | Orb.
     0 | D:1      | Reached XP level 1. HP: 11/11 MP: 3/3
   229 | D:1      | Reached skill level 1 in Fighting
   263 | D:1      | Reached XP level 2. HP: 18/18 MP: 5/5
   468 | D:1      | Reached XP level 3. HP: 13/23 MP: 6/6
   472 | D:1      | Learned a level 3 spell: Vampiric Draining
   753 | D:2      | Noticed Terence
   759 | D:2      | Killed Terence
   760 | D:2      | Reached XP level 4. HP: 23/28 MP: 3/7
  1187 | D:2      | Noticed Jessica
  1194 | D:2      | Killed Jessica
  1392 | D:3      | Found a sacrificial altar of Ru.
  1498 | D:3      | Reached XP level 5. HP: 32/34 MP: 8/8
  1733 | D:3      | Reached skill level 1 in Long Blades
  1797 | D:3      | Found an ancient bone altar of Kikubaaqudgha.
  2301 | D:4      | Noticed a phantom
  2484 | D:4      | Noticed Sigmund
  2524 | D:4      | Reached XP level 6. HP: 37/39 MP: 9/9
  2732 | D:4      | Noticed Blork the orc
  2757 | D:4      | Found a shadowy altar of Dithmenos.
  2821 | D:4      | Killed Blork the orc
  2920 | D:4      | Reached skill level 5 in Necromancy
  2920 | D:4      | Reached XP level 7. HP: 34/45 MP: 11/11
  2944 | D:4      | Found a sand-covered staircase.
  3065 | D:4      | Gained mutation: Your flesh is heat resistant. (rF+)
                  | [potion of mutation]
  3065 | D:4      | Gained mutation: You expend magic power (3 MP) to
                  | strengthen your wands. [potion of mutation]
  3072 | D:4      | Killed Sigmund
  3073 | D:4      | Reached skill level 5 in Stealth
  3317 | D:4      | Learned a level 3 spell: Mephitic Cloud
  3477 | D:4      | Slain by a phantom

Illustrated notes

Levels and vault maps discovered:
D:1:      eino_arrival_cavern_a, layout_basic
D:2:      layout_rooms, uniq_terence, uniq_jessica
D:3:      layout_loops_ring, mainiacjoe_overflow_surrounded_room,
          nicolae_ru_awakened_eye, kennysheep_generic_room_3
D:4:      layout_basic, nicolae_dithmenos_through_a_glass_darkly, tgw_sif,
          nicolae_ossuary_entry_giza, uniq_sigmund

Skill      XL: |  1  2  3  4  5  6  7 |
---------------+----------------------+-----
Stealth        | 3 4 5 |  5.0
Fighting       | 1 2 |  2.7
Long Blades    | 2 |  2.7
Dodging        | 3 |  3.4
Spellcasting   | 3 |  3.4
Necromancy     | 5 |  5.3
Short Blades   | |  0.2
Polearms       | |  0.8
Shields        | |  0.6

Action                     |  1- 3 |  4- 6 |  7- 9 || total
---------------------------+-------+-------+-------++-------
  Melee: Spear             |    67 |       |       ||    67
         Constrict         |    16 |    20 |     6 ||    42
         Tentacles         |    10 |    25 |     5 ||    40
         Falchion          |       |   102 |    39 ||   141
         Punch             |       |     2 |       ||     2
         Short sword       |       |     1 |     4 ||     5
   Cast: Vampiric Draining |     1 |    17 |     3 ||    21
    Use: Scroll            |       |     1 |       ||     1
         Potion            |       |       |     7 ||     7
   Stab: Sleeping          |     8 |    13 |     4 ||    25
 Armour: Skin              |     4 |     7 |     7 ||    18
  Dodge: Dodged            |    48 |    64 |    20 ||   132
  Block: Other             |     3 |    21 |     5 ||    29
